[Event "Titled Tuesday Blitz September 20 Late 2022"]
[White "Martinovici, Ilia"]
[Black "Girel, Joseph"]
[WhiteFideId "13907034"]
[BlackFideId "36033561"]
[WhiteElo "2282"]
[BlackElo "2104"]
[Result "0-1"]
[Round "07"]
[TimeControl "180+1"]
[Date "2022.09.20"]
[WhiteClock "0:00:08"]
[BlackClock "0:00:07"]

1. d4 e6 2. c4 Bb4+ 3. Bd2 a5 4. Nf3 Nf6 5. g3 b6 6. Bg2 Bb7 7. O-O d6 8. Bc1 d5 9. Ne5 Nbd7 10. Qc2 O-O 11. cxd5 Nxe5 12. dxe5 Nxd5 13. Rd1 Qc8 14. e4 Ne7 15. Be3 Nc6 16. a3 Be7 17. f4 a4 18. Nc3 Na5 19. Qxa4 Bc6 20. Qc2 Nc4 21. Bf2 b5 22. a4 bxa4 23. Bf1 Nb6 24. Nb5 Qb7 25. Rdc1 Bxe4 26. Qxc7 Qxc7 27. Nxc7 Rab8 28. Na6 Rb7 29. Nc5 Bxc5 30. Bxc5 Rfb8 31. Ba6 Ra7 32. Bb5 Rab7 33. Bd6 Ra8 34. Rc7 Rxc7 35. Bxc7 Nd5 36. Bd6 Bc2 37. Bc6 Rd8 38. Ra3 Bb3 39. Bxa4 Bxa4 40. Rxa4 h6 41. Kf2 g5 42. Rc4 Kg7 43. Kf3 Ra8 44. b4 Ra3+ 45. Kf2 gxf4 46. gxf4 Rb3 47. Rd4 Kg6 48. Ke2 Kf5 49. Kd2 Rb2+ 50. Kc1 Rxh2 51. Rc4 Rh3 52. b5 Rb3 53. Rc5 h5 54. Kc2 Rb4 55. Kd2 Nxf4 56. Bc7 h4 57. b6 Nd5 58. Rc1 h3 59. Bd6 Rxb6 60. Rf1+ Ke4 61. Rh1 Rb2+ 62. Kc1 Rf2 63. Rxh3 Ne3 64. Rh4+ Kd3 65. Rh7 Nd5 66. Kb1 Nc3+ 67. Kc1 Rc2# 0-1


[Site "https://www.chess.com"]

[Event "Titled Tuesday Blitz September 20 Late 2022"]
[White "Maze, Sebastien"]
[Black "Munoz Sanchez, Miguel"]
[WhiteFideId "613762"]
[BlackFideId "3600734"]
[WhiteElo "2430"]
[BlackElo "2166"]
[Result "1-0"]
[Round "07"]
[TimeControl "180+1"]
[Date "2022.09.20"]
[WhiteClock "0:01:01"]
[BlackClock "0:01:32"]

1. e4 e6 2. d3 d5 3. Nd2 Nf6 4. Ngf3 Nc6 5. g3 e5 6. Bg2 h6 7. O-O Bc5 8. c3 O-O 9. b4 Bb6 10. b5 dxe4 11. dxe4 Na5 12. Nxe5 Re8 13. Ndc4 Nxc4 14. Qxd8 Rxd8 15. Nxc4 Bc5 16. Bf4 Be6 17. Na5 Bb6 18. Nb3 Rd3 19. Rac1 Rad8 20. c4 Ng4 21. c5 Bxb3 22. cxb6 Bxa2 23. bxc7 Rc8 24. Rfd1 Rxd1+ 25. Rxd1 Be6 26. Rd8+ Kh7 27. Bh3 g5 28. Bd6 f5 29. exf5 Bxf5 30. f3 1-0


[Site "https://www.chess.com"]

[Event "Titled Tuesday Blitz September 20 Late 2022"]
[White "Medeiros Jr, Francisco De Assis"]
[Black "Riehle, Marco"]
[WhiteFideId "2114267"]
[BlackFideId "12904392"]
[WhiteElo "2040"]
[BlackElo "2462"]
[Result "0-1"]
[Round "07"]
[TimeControl "180+1"]
[Date "2022.09.20"]
[WhiteClock "0:00:03"]
[BlackClock "0:01:30"]

1. d4 d5 2. Nf3 Nf6 3. Bg5 e6 4. Nbd2 c5 5. c3 Nc6 6. e3 Bd6 7. Bd3 h6 8. Bh4 Qc7 9. O-O Bd7 10. Bxf6 gxf6 11. dxc5 Bxc5 12. e4 dxe4 13. Nxe4 Be7 14. Re1 f5 15. Ned2 O-O-O 16. Qe2 Rhg8 17. Nc4 Bf6 18. Rad1 h5 19. Nfe5 Nxe5 20. Nxe5 Bxe5 21. Qxe5 Qxe5 22. Rxe5 Bc6 23. g3 h4 24. Be2 Rxd1+ 25. Bxd1 hxg3 26. fxg3 Rd8 27. Bh5 Rd2 28. Re2 Rd1+ 29. Kf2 Rh1 30. Ke3 f6 31. Kf4 Kd7 32. Ke3 e5 33. Bf3 Bxf3 34. Kxf3 Ke6 35. Kg2 Ra1 36. a3 e4 37. h4 Rd1 38. Kf2 Ke5 39. Rc2 f4 40. gxf4+ Kxf4 41. h5 e3+ 42. Ke2 Rh1 43. c4 Rxh5 44. Kd3 Rh8 45. c5 Kf3 46. Kc4 e2 47. Rc1 Kf2 0-1


[Site "https://www.chess.com"]

[Event "Titled Tuesday Blitz September 20 Late 2022"]
[White "Melkumyan, Hrant"]
[Black "Yanchenko, Roman"]
[WhiteFideId "13302485"]
[BlackFideId "4137329"]
[WhiteElo "2604"]
[BlackElo "2514"]
[Result "1-0"]
[Round "07"]
[TimeControl "180+1"]
[Date "2022.09.20"]
[WhiteClock "0:00:54"]
[BlackClock "0:00:09"]

1. Nf3 d5 2. e3 Nf6 3. c4 c6 4. Nc3 g6 5. d4 Bg7 6. Be2 O-O 7. O-O a6 8. a4 Bg4 9. h3 Bxf3 10. Bxf3 e6 11. Qb3 Qc7 12. a5 Nbd7 13. Bd2 Rac8 14. Rfc1 dxc4 15. Qxc4 e5 16. d5 cxd5 17. Qxc7 Rxc7 18. Nxd5 Rxc1+ 19. Rxc1 e4 20. Nxf6+ Nxf6 21. Be2 Nd5 22. b4 Rd8 23. Be1 Bf8 24. b5 axb5 25. Bxb5 Nb4 26. Rb1 Nc2 27. Bc3 Na3 28. Rb3 Nxb5 29. Rxb5 Rd7 30. g4 Rc7 31. Bd4 Bd6 32. Rd5 Rc6 33. Rb5 Rc7 34. Kg2 Kf8 35. Be5 Ke7 36. Bxd6+ Kxd6 37. Kg3 f6 38. Kf4 Rc2 39. Rb6+ Kc5 40. Kg3 h5 41. Rxf6 hxg4 42. hxg4 Kb5 43. Rb6+ Kxa5 44. Rxb7 Rc6 45. Re7 Kb4 46. Rxe4+ Kc5 47. Kf4 Rf6+ 48. Kg3 Kd5 49. Re8 Rf7 50. f4 Kd6 51. g5 Rg7 52. Re5 Ra7 53. Kf3 Ra1 54. Re8 Kd7 55. Rf8 Ra6 56. Rf6 Rxf6 57. gxf6 Ke6 58. Kg4 Kxf6 59. e4 Kf7 60. Kg5 Kg7 61. e5 1-0


[Site "https://www.chess.com"]

[Event "Titled Tuesday Blitz September 20 Late 2022"]
[White "Mladek, Richard"]
[Black "Svane, Rasmus"]
[WhiteFideId "386588"]
[BlackFideId "4657101"]
[WhiteElo "2263"]
[BlackElo "2674"]
[Result "0-1"]
[Round "07"]
[TimeControl "180+1"]
[Date "2022.09.20"]
[WhiteClock "0:00:02"]
[BlackClock "0:00:07"]

1. d4 Nf6 2. c4 e6 3. Nc3 Bb4 4. e3 O-O 5. Bd2 Re8 6. Nf3 d5 7. Rc1 Nbd7 8. Bd3 c6 9. O-O dxc4 10. Bxc4 Qe7 11. a3 Bd6 12. e4 e5 13. d5 Nb6 14. Ba2 cxd5 15. exd5 e4 16. Ne1 Qe5 17. g3 Bg4 18. Qb3 Qh5 19. Nb5 Be5 20. f4 exf3 21. Nxf3 Nbxd5 22. Nxe5 Rxe5 23. Nc7 Re2 24. h4 Nxc7 25. Rxc7 Rxd2 26. Qxb7 Rf8 27. Rxf7 Qxf7 28. Bxf7+ Rxf7 29. Qb8+ Rf8 30. Qxa7 h5 31. Re1 Rc8 32. Qb7 Rcc2 33. a4 Bh3 34. Qa8+ Kh7 35. a5 Rg2+ 36. Kh1 Rh2+ 0-1


[Site "https://www.chess.com"]

[Event "Titled Tuesday Blitz September 20 Late 2022"]
[White "Nakamura, Hikaru"]
[Black "Vasquez Schroeder, Rodrigo"]
[WhiteFideId "2016192"]
[BlackFideId "3400042"]
[WhiteElo "2850"]
[BlackElo "2577"]
[Result "1-0"]
[Round "07"]
[TimeControl "180+1"]
[Date "2022.09.20"]
[WhiteClock "0:00:26"]
[BlackClock "0:00:15"]

1. g3 d5 2. Bg2 c6 3. d3 Nf6 4. Nd2 e5 5. e4 Bd6 6. Ngf3 O-O 7. O-O Re8 8. Re1 Nbd7 9. b3 Qc7 10. Bb2 b6 11. Nh4 Bb7 12. Nf5 Bf8 13. Qe2 g6 14. Ne3 dxe4 15. dxe4 b5 16. a4 a6 17. Ng4 Bg7 18. Nxf6+ Bxf6 19. Red1 Nc5 20. Nf1 Ne6 21. Ne3 Nd4 22. Qe1 Rad8 23. h4 h5 24. Rd3 Bc8 25. axb5 axb5 26. Rad1 Be6 27. b4 Bc8 28. c3 Ne6 29. Rxd8 Rxd8 30. Ra1 Bg7 31. Bc1 Bb7 32. Bh3 Bc8 33. Kh2 Kh7 34. Nc2 Kg8 35. Be3 Qe7 36. Ra7 Rd7 37. Ra8 Rd8 38. Qa1 Bd7 39. Ra7 Qd6 40. Ne1 Be8 41. Nf3 Bf6 42. Nd2 Kg7 43. Nb3 Rd7 44. Ra8 Rd8 45. Ra7 Rd7 46. Ra6 Rd8 47. Na5 Nc7 48. Nb7 Qe7 49. Bc5 1-0


[Site "https://www.chess.com"]

[Event "Titled Tuesday Blitz September 20 Late 2022"]
[White "Ozates, Tuna"]
[Black "Atanasov, Anthony"]
[WhiteFideId "6354521"]
[BlackFideId "2623897"]
[WhiteElo "1887"]
[BlackElo "1933"]
[Result "1-0"]
[Round "07"]
[TimeControl "180+1"]
[Date "2022.09.20"]
[WhiteClock "0:00:05"]
[BlackClock "0:00:02"]

1. e4 e5 2. Nc3 Nc6 3. g3 Nf6 4. Bg2 Bc5 5. d3 h6 6. Nge2 O-O 7. O-O a5 8. h3 d6 9. Kh2 a4 10. a3 Nd4 11. f4 Re8 12. f5 c6 13. g4 d5 14. Ng3 b5 15. g5 hxg5 16. Bxg5 Be7 17. Bxf6 Bxf6 18. exd5 Bh4 19. Nge4 Nxf5 20. Qg4 Ne3 21. Qh5 Nxf1+ 22. Rxf1 f5 23. dxc6 fxe4 24. Bxe4 Bf6 25. Bd5+ Be6 26. Be4 Bf7 27. Qh7+ Kf8 28. Nxb5 Qb6 29. c4 Qe3 30. Nd6 Qd2+ 31. Bg2 Bg8 32. Qg6 Re6 33. Ne4 Qxd3 34. Rf3 Qc2 35. Rf2 Qb1 36. Qg4 Rc8 37. Nc5 Rcxc6 38. Bxc6 Rxc6 39. Nd7+ Ke7 40. Nxf6 Rxf6 41. Qxg7+ Rf7 42. Qxe5+ Kf8 43. Qd6+ Kg7 44. Rg2+ Kh7 45. Qg3 Rf6 46. Qxg8+ Kh6 47. Qg7+ Kh5 48. Qg5# 1-0


[Site "https://www.chess.com"]

[Event "Titled Tuesday Blitz September 20 Late 2022"]
[White "Pakleza, Zbigniew"]
[Black "Terry, Renato"]
[WhiteFideId "1119290"]
[BlackFideId "3803457"]
[WhiteElo "2411"]
[BlackElo "2577"]
[Result "0-1"]
[Round "07"]
[TimeControl "180+1"]
[Date "2022.09.20"]
[WhiteClock "0:00:04"]
[BlackClock "0:00:07"]

1. d4 d5 2. Bf4 Nf6 3. e3 c5 4. c3 Nc6 5. Nd2 Qb6 6. Qb3 c4 7. Qxb6 axb6 8. a3 Bf5 9. h3 b5 10. Rc1 h6 11. g4 Bh7 12. Bg2 e6 13. Ngf3 Bd3 14. Bf1 Bh7 15. Bg2 Nd7 16. O-O Nb6 17. Ra1 Na4 18. Ra2 Bc2 19. Ne5 Bb3 20. Nxb3 cxb3 21. Raa1 Nxb2 22. Rab1 Bxa3 23. e4 dxe4 24. Bxe4 Na5 25. d5 O-O 26. dxe6 fxe6 27. Ng6 Rf7 28. Rfe1 Nbc4 29. Bg2 Rf6 30. Be4 b2 31. Bg3 Bc5 32. Red1 Nb3 33. Ne5 Nbd2 34. Nxc4 Nxc4 35. Bxb7 Raf8 36. Rf1 Rf3 37. Kg2 Rxc3 38. Ba6 Rb3 39. Rfe1 Na3 40. Bb7 Nxb1 41. Rxb1 Bd4 42. Be4 Rc8 43. h4 Rc1 44. Bf4 Rxb1 45. Bxb1 Ra3 46. Be4 Ra1 47. g5 b1=Q 48. Bxb1 Rxb1 0-1


[Site "https://www.chess.com"]

[Event "Titled Tuesday Blitz September 20 Late 2022"]
[White "Perez Ponsa, Federico"]
[Black "Gubajdullin, Alexei"]
[WhiteFideId "117927"]
[BlackFideId "4141202"]
[WhiteElo "2604"]
[BlackElo "2195"]
[Result "1-0"]
[Round "07"]
[TimeControl "180+1"]
[Date "2022.09.20"]
[WhiteClock "0:02:02"]
[BlackClock "0:00:20"]

1. e4 c6 2. Nf3 d5 3. Nc3 Bg4 4. h3 Bxf3 5. Qxf3 e6 6. Be2 g6 7. O-O Bg7 8. d4 Ne7 9. Be3 Nd7 10. Rad1 Qb6 11. Bc1 O-O 12. h4 Rad8 13. h5 e5 14. h6 Bh8 15. exd5 exd4 16. d6 Nf5 17. Ne4 Nc5 18. Bg5 Nxe4 19. Bxd8 Rxd8 20. Qxe4 Nxd6 21. Qf4 Qxb2 22. Rfe1 Qxa2 23. Qxd6 Qa5 24. Bc4 Rf8 25. Bxf7+ 1-0


[Site "https://www.chess.com"]

[Event "Titled Tuesday Blitz September 20 Late 2022"]
[White "Preotu, Razvan"]
[Black "Yurovskykh, Oleksandr"]
[WhiteFideId "2613280"]
[BlackFideId "14134020"]
[WhiteElo "2407"]
[BlackElo "2303"]
[Result "0-1"]
[Round "07"]
[TimeControl "180+1"]
[Date "2022.09.20"]
[WhiteClock "0:00:14"]
[BlackClock "0:00:06"]

1. e4 d5 2. exd5 Qxd5 3. Nc3 Qd8 4. d4 Nf6 5. Nf3 Bg4 6. h3 Bxf3 7. Qxf3 c6 8. Be3 e6 9. Bd3 Nbd7 10. O-O-O Bb4 11. Ne4 Nxe4 12. Qxe4 Nf6 13. Qh4 Nd5 14. Qxd8+ Rxd8 15. c3 Bd6 16. Kc2 Nxe3+ 17. fxe3 h5 18. b4 h4 19. Be2 Kd7 20. Rhf1 f5 21. a4 Kc7 22. b5 c5 23. d5 Be7 24. dxe6 Rxd1 25. Bxd1 g6 26. Bf3 Rd8 27. c4 b6 28. Bd5 Kd6 29. a5 Ke5 30. axb6 axb6 31. Ra1 g5 32. Ra7 Bd6 33. Kd3 g4 34. Ke2 gxh3 35. gxh3 Rg8 36. Kf2 Kf6 37. Rf7+ Ke5 38. Rb7 Rf8 39. Rxb6 f4 40. exf4+ Rxf4+ 41. Ke3 Rf8 42. Ra6 Rg8 43. b6 Rg3+ 44. Kd2 Rxh3 45. b7 Rb3 46. e7 Bxe7 47. Rf6 Bxf6 0-1


[Site "https://www.chess.com"]

[Event "Titled Tuesday Blitz September 20 Late 2022"]
[White "Rasulov, Vugar"]
[Black "Barria Zuniga, Daniel"]
[WhiteFideId "13402390"]
[BlackFideId "3400816"]
[WhiteElo "2509"]
[BlackElo "2414"]
[Result "1-0"]
[Round "07"]
[TimeControl "180+1"]
[Date "2022.09.20"]
[WhiteClock "0:00:51"]
[BlackClock "0:00:05"]

1. Nf3 d5 2. c4 e6 3. g3 Nf6 4. Bg2 Be7 5. O-O O-O 6. d4 dxc4 7. Qa4 a6 8. Qxc4 b5 9. Qc2 Bb7 10. Bd2 Be4 11. Qc1 Nc6 12. e3 b4 13. Rd1 Qd5 14. Ne1 Bxg2 15. Nxg2 e5 16. dxe5 Nxe5 17. Ne1 Rfd8 18. a3 c5 19. axb4 cxb4 20. Qc7 Rd7 21. Qa5 Rad8 22. Qxd5 Rxd5 23. Rc1 Ne4 24. f4 Ng6 25. Nf3 Nxd2 26. Nbxd2 Rxd2 27. Nxd2 Rxd2 28. Rc8+ Nf8 29. b3 g6 30. Rxa6 Kg7 31. Ra7 Bd6 32. Kf1 Ne6 33. Rd7 Rb2 34. Rxd6 Rxb3 35. Ke2 Kf6 36. Rb8 Rb2+ 37. Rd2 Rb3 38. g4 h5 39. g5+ Kf5 40. Re8 Kg4 41. Re7 Nc5 42. Rxf7 Ne4 43. Rd4 Nc3+ 44. Kd2 Rb2+ 45. Kd3 Rxh2 46. Rxb4 Nd1 47. Rf6 Nf2+ 48. Kd4 h4 49. Rxg6 h3 50. Rh6 Rh1 51. g6 h2 52. g7 Rd1+ 53. Ke5 h1=Q 54. g8=Q+ 1-0


[Site "https://www.chess.com"]

[Event "Titled Tuesday Blitz September 20 Late 2022"]
[White "Rustemov, Alexander"]
[Black "Martinez Alcantara, Jose Eduardo"]
[WhiteFideId "4119002"]
[BlackFideId "3805662"]
[WhiteElo "2848"]
[BlackElo "2703"]
[Result "0-1"]
[Round "07"]
[TimeControl "180+1"]
[Date "2022.09.20"]
[WhiteClock "0:00:02"]
[BlackClock "0:00:20"]

1. d4 d5 2. c4 e6 3. Nc3 a6 4. cxd5 exd5 5. Nf3 Nf6 6. Bg5 Be6 7. e3 Nbd7 8. Bd3 Bd6 9. Qc2 c6 10. Bf4 Qc7 11. Bxd6 Qxd6 12. h3 O-O 13. O-O h6 14. Rfc1 Rfe8 15. Na4 Qe7 16. Nc5 Nxc5 17. dxc5 Nd7 18. b4 Nf8 19. Nd4 Bd7 20. Qc3 Qg5 21. Kh2 Qf6 22. Kg1 Qg5 23. Kh2 Qe7 24. a4 Qf6 25. Kg1 Qg5 26. Kh2 Qe5+ 27. Kg1 Qg5 28. Kh2 Ne6 29. Nf3 Qe7 30. Qe5 Rac8 31. Nd4 Nxd4 32. Qxe7 Rxe7 33. exd4 g6 34. Re1 Kf8 35. Rxe7 Kxe7 36. Re1+ Kf6 37. Kg3 Ra8 38. a5 g5 39. f3 h5 40. h4 Rg8 41. hxg5+ Rxg5+ 42. Kf2 Rg8 43. Rh1 Kg5 44. g3 Rh8 45. f4+ Kf6 46. Be2 Re8 47. Bf3 Bg4 48. Bxg4 hxg4 49. Rh6+ Kf5 50. Rd6 Ke4 51. Rd7 Kxd4 52. Rxb7 Kc3 53. Rb6 d4 54. Rxc6 d3 55. Rxa6 Rd8 56. Rh6 Kxb4 57. Rh1 d2 58. Ke2 Kc3 59. c6 Re8+ 60. Kf2 Rc8 61. Ke2 Rxc6 62. Ra1 Re6+ 63. Kf2 Kb2 0-1


[Site "https://www.chess.com"]

[Event "Titled Tuesday Blitz September 20 Late 2022"]
[White "Safarli, Eltaj"]
[Black "Bortnyk, Mykola"]
[WhiteFideId "13402129"]
[BlackFideId "14120836"]
[WhiteElo "2634"]
[BlackElo "2582"]
[Result "1-0"]
[Round "07"]
[TimeControl "180+1"]
[Date "2022.09.20"]
[WhiteClock "0:01:10"]
[BlackClock "0:00:09"]

1. e4 e5 2. Nf3 d6 3. d4 exd4 4. Qxd4 a6 5. Nc3 Nc6 6. Qd3 Nf6 7. Bf4 Be7 8. O-O-O O-O 9. Kb1 Be6 10. h3 d5 11. Nxd5 Nxd5 12. exd5 Nb4 13. Qb3 Nxd5 14. Bc4 c6 15. Rhe1 b5 16. Bxd5 Bxd5 17. Qc3 a5 18. Qe3 Bf6 19. Be5 h6 20. g4 Re8 21. Qf4 Bg5 22. Qg3 Bf6 23. h4 Bxe5 24. Nxe5 Qf6 25. f4 Rad8 26. g5 Qe6 27. gxh6 Qxh6 28. Rg1 Be4 29. Ng4 Qg6 30. Rxd8 Rxd8 31. h5 Qd6 32. Qe1 Bf5 33. Ne3 Be4 34. h6 g6 35. h7+ Kh8 36. Qc3+ Qd4 37. Rd1 c5 38. Rxd4 cxd4 39. Qc7 Re8 40. Qxf7 Bc6 41. Qf6+ Kxh7 42. Qxd4 Re4 43. Qa7+ Kh6 44. Ng4+ Kh5 45. Nf6+ 1-0


[Site "https://www.chess.com"]

[Event "Titled Tuesday Blitz September 20 Late 2022"]
[White "Sargsyan, Anna M."]
[Black "Hansen, Eric"]
[WhiteFideId "13308130"]
[BlackFideId "2606771"]
[WhiteElo "2271"]
[BlackElo "2568"]
[Result "0-1"]
[Round "07"]
[TimeControl "180+1"]
[Date "2022.09.20"]
[WhiteClock "0:00:10"]
[BlackClock "0:00:39"]

1. d4 Nf6 2. c4 e6 3. Nf3 Bb4+ 4. Bd2 Be7 5. g3 d5 6. Bg2 O-O 7. O-O Nbd7 8. b3 Ne4 9. Bc1 a5 10. Bb2 a4 11. cxd5 exd5 12. bxa4 Nb6 13. Nc3 Nc4 14. Qc1 Nxb2 15. Qxb2 Nxc3 16. Qxc3 Rxa4 17. Ne5 c6 18. Nd3 Ra3 19. Qb2 Qa5 20. Rfc1 Bf6 21. Nc5 Qa7 22. e3 h5 23. h4 g6 24. Bf1 Kg7 25. Rc3 Rxc3 26. Qxc3 b6 27. Nb3 c5 28. a4 Bd7 29. a5 c4 30. axb6 Qxb6 31. Nd2 Rb8 32. Bg2 Qb2 33. Qxb2 Rxb2 34. Bxd5 Rxd2 35. Bxc4 Rc2 36. Bd5 Rc7 37. Rb1 Bc8 38. Rb6 Be7 39. Kg2 Bd8 40. Rb8 Rc2 41. Be4 Rc3 42. Bf3 Ba5 43. d5 Bf5 44. Rb5 Bc7 45. e4 Bd7 46. Rb7 Bc8 47. Ra7 Be5 48. Be2 Rc2 49. Kf1 Bh3+ 50. Ke1 Bc3+ 51. Kd1 Rd2+ 52. Kc1 Rxe2 53. Rc7 Be5 54. Re7 Kf6 0-1


[Site "https://www.chess.com"]

[Event "Titled Tuesday Blitz September 20 Late 2022"]
[White "Shimanov, Aleksandr"]
[Black "Naroditsky, Daniel"]
[WhiteFideId "4198603"]
[BlackFideId "2026961"]
[WhiteElo "2605"]
[BlackElo "2628"]
[Result "0-1"]
[Round "07"]
[TimeControl "180+1"]
[Date "2022.09.20"]
[WhiteClock "0:00:01"]
[BlackClock "0:00:02"]

1. e4 c5 2. Nf3 Nf6 3. Nc3 d5 4. exd5 Nxd5 5. Bb5+ Bd7 6. Bxd7+ Qxd7 7. Nxd5 Qxd5 8. d4 Nc6 9. dxc5 Qxc5 10. c3 e6 11. Be3 Qb5 12. Qb3 Qa6 13. a4 Be7 14. Qb5 O-O 15. Ke2 Qa5 16. Qxa5 Nxa5 17. Rhd1 Rfd8 18. Rxd8+ Bxd8 19. Rd1 Kf8 20. Ne5 Ke8 21. b4 Nc6 22. Nxc6 bxc6 23. Kd3 Kd7 24. Kc4+ Kc8 25. Rd6 Kc7 26. Bf4 Bg5 27. Bg3 Bh4 28. Rd2+ Bxg3 29. hxg3 a5 30. b5 cxb5+ 31. Kxb5 h5 32. c4 Rb8+ 33. Kxa5 Kc6 34. Rd3 f6 35. Rd2 g5 36. Rc2 Kc5 37. Ka6 Ra8+ 38. Kb7 Rxa4 39. Kc7 Ra7+ 40. Kd8 e5 41. Ke8 e4 42. Kf8 f5 43. Rb2 Kxc4 44. Re2 Kd3 45. Rb2 f4 46. gxf4 gxf4 47. Rb4 e3 0-1


[Site "https://www.chess.com"]

[Event "Titled Tuesday Blitz September 20 Late 2022"]
[White "Sjugirov, Sanan"]
[Black "Jobava, Baadur"]
[WhiteFideId "4189302"]
[BlackFideId "13601520"]
[WhiteElo "2609"]
[BlackElo "2582"]
[Result "0-1"]
[Round "07"]
[TimeControl "180+1"]
[Date "2022.09.20"]
[WhiteClock "0:00:02"]
[BlackClock "0:00:52"]

1. e4 e6 2. d4 d5 3. e5 c5 4. c3 Nc6 5. Nf3 Bd7 6. Be2 Qb6 7. O-O cxd4 8. cxd4 Nh6 9. Nc3 Nf5 10. Na4 Qa5 11. Bd2 Qd8 12. Bg5 Qa5 13. Bd2 Qd8 14. Be3 Be7 15. a3 O-O 16. Bd3 Nxe3 17. fxe3 Rc8 18. b4 b6 19. Rc1 Nxd4 20. Nxd4 Rxc1 21. Qxc1 Bxa4 22. Bb5 Bxb5 23. Nxb5 Qd7 24. Nd4 Rc8 25. Qd2 Qc7 26. Qf2 Rf8 27. Qf4 h6 28. h4 Qc3 29. Nb5 Qc4 30. Qxc4 dxc4 31. Nxa7 Bxh4 32. Rc1 Rd8 33. Kf1 Rd2 34. Rxc4 Bg3 35. Rg4 Bxe5 36. Nc6 Bc7 37. Rc4 Bg3 38. a4 Rf2+ 39. Kg1 Ra2 40. Rc1 Rxa4 41. Kf1 Ra2 0-1


[Site "https://www.chess.com"]

[Event "Titled Tuesday Blitz September 20 Late 2022"]
[White "Stoyanov, Tsvetan"]
[Black "Iliaguev, Nisim"]
[WhiteFideId "2917173"]
[BlackFideId "2817276"]
[WhiteElo "2283"]
[BlackElo "2107"]
[Result "0-1"]
[Round "07"]
[TimeControl "180+1"]
[Date "2022.09.20"]
[WhiteClock "0:00:01"]
[BlackClock "0:00:33"]

1. e4 c6 2. d4 d5 3. Nc3 dxe4 4. Nxe4 Nf6 5. Nxf6+ exf6 6. c3 Bd6 7. Bd3 O-O 8. Qc2 Re8+ 9. Ne2 h6 10. Be3 Bg4 11. h3 Bxe2 12. Bxe2 Nd7 13. O-O-O Qc7 14. Qd2 Nf8 15. Bd3 Rad8 16. g4 c5 17. d5 c4 18. Bb1 b5 19. h4 b4 20. cxb4 Be5 21. g5 c3 22. bxc3 Bxc3 23. Qc2 Qe5 24. Rd3 Bxb4 25. Qb3 Rb8 26. Qa4 Rec8+ 27. Kd1 Bc5 28. Ke2 Bxe3 29. Rxe3 Rb2+ 30. Kf3 Qxd5+ 31. Be4 Qd2 32. Rf1 fxg5 33. hxg5 h5 34. g6 Nxg6 35. Bxg6 fxg6 36. Qe4 Rf8+ 37. Kg3 Rxf2 38. Qe6+ Kh7 0-1


[Site "https://www.chess.com"]

[Event "Titled Tuesday Blitz September 20 Late 2022"]
[White "Tari, Aryan"]
[Black "Melikyan, Gnel"]
[WhiteFideId "1510045"]
[BlackFideId "54109990"]
[WhiteElo "2612"]
[BlackElo "1772"]
[Result "0-1"]
[Round "07"]
[TimeControl "180+1"]
[Date "2022.09.20"]
[WhiteClock "0:00:04"]
[BlackClock "0:00:27"]

1. c4 Nf6 2. Nc3 e6 3. Nf3 d5 4. e3 Be7 5. b3 O-O 6. Bb2 b6 7. Rc1 Bb7 8. d4 Nbd7 9. Bd3 c5 10. O-O Rc8 11. Qe2 h6 12. cxd5 Nxd5 13. Nxd5 Bxd5 14. e4 Bb7 15. d5 exd5 16. exd5 Bf6 17. Rfd1 Re8 18. Qc2 Bxb2 19. Qxb2 Qf6 20. Qc2 Qd6 21. Bb5 Re7 22. Qf5 Rd8 23. Bc6 Bxc6 24. dxc6 Qxc6 25. Rd2 Rde8 26. h4 Ne5 27. Nh2 Qe6 28. Qf4 Rd7 29. Rxd7 Qxd7 30. Nf1 Qd4 31. Qg3 Qg4 32. Re1 Qxg3 33. fxg3 Nf3+ 34. gxf3 Rxe1 35. Kg2 Re2+ 36. Kh3 Rxa2 37. Ne3 Rb2 38. Nd5 Rxb3 39. h5 Rxf3 40. Kg4 Rf6 0-1


[Site "https://www.chess.com"]

[Event "Titled Tuesday Blitz September 20 Late 2022"]
[White "Tristan, Leonardo"]
[Black "Moral Garcia, Serafin"]
[WhiteFideId "113816"]
[BlackFideId "2201925"]
[WhiteElo "2404"]
[BlackElo "2259"]
[Result "1-0"]
[Round "07"]
[TimeControl "180+1"]
[Date "2022.09.20"]
[WhiteClock "0:00:05"]
[BlackClock "0:00:21"]

1. d4 Nf6 2. Nf3 g6 3. Bf4 Bg7 4. e3 d5 5. Be2 O-O 6. O-O c5 7. c3 Nc6 8. h3 Nd7 9. Nbd2 e5 10. dxe5 Ndxe5 11. Nxe5 Nxe5 12. Nf3 Nxf3+ 13. Bxf3 Be6 14. Qb3 Qc8 15. Bxd5 c4 16. Qxb7 Bxd5 17. Qxd5 Qa6 18. Rfd1 Rac8 19. Qd7 Qb6 20. Rab1 Rfd8 21. Qa4 Rxd1+ 22. Qxd1 Rd8 23. Qe2 Rd3 24. Rd1 Qd8 25. Rxd3 cxd3 26. Qd2 Qd5 27. b3 Bxc3 28. Qd1 d2 29. f3 Qd3 30. Kf2 Bb4 31. Be5 Kf8 32. Bb2 Ke8 33. a3 Bc5 34. Bd4 Bxd4 35. exd4 Qxd4+ 36. Ke2 Qc3 37. Qb1 Kf8 38. Qd1 h5 39. Qxd2 Qxb3 40. Qb4+ Qxb4 41. axb4 Ke7 42. Kd3 Kd6 43. Kc4 Kc6 44. b5+ Kb6 45. h4 f6 46. Kb4 Kb7 47. Kc5 Kc7 48. Kb4 Kb6 49. Kc4 Kb7 50. g3 f5 51. f4 Kc7 52. Kb4 Kb7 53. Ka5 Kc7 54. Ka6 Kb8 55. b6 axb6 56. Kxb6 Kc8 57. Kc6 Kd8 58. Kd6 1-0


[Site "https://www.chess.com"]

[Event "Titled Tuesday Blitz September 20 Late 2022"]
[White "Winterberg, Lukas"]
[Black "Tanenbaum, Zachary"]
[WhiteFideId "24622702"]
[BlackFideId "2060850"]
[WhiteElo "2349"]
[BlackElo "2175"]
[Result "0-1"]
[Round "07"]
[TimeControl "180+1"]
[Date "2022.09.20"]
[WhiteClock "0:00:11"]
[BlackClock "0:00:04"]

1. Nf3 d5 2. e3 Nf6 3. c4 dxc4 4. Bxc4 e6 5. b3 c5 6. Bb2 Nc6 7. O-O a6 8. d4 cxd4 9. Nxd4 Bd7 10. Nc3 Nxd4 11. Qxd4 Bc6 12. Qh4 g5 13. Qh3 h5 14. Rfd1 Qe7 15. a4 h4 16. f3 Qc5 17. Kh1 Bg7 18. Ba3 Qe5 19. f4 Qxc3 20. Bxe6 g4 21. Bxg4 Rd8 22. Bf3 Ne4 23. Bxe4 Bxe4 24. Rxd8+ Kxd8 25. Rd1+ Kc7 26. Rc1 Bc2 27. Qf5 Bxf5 28. Rxc3+ Bxc3 0-1


[Site "https://www.chess.com"]

[Event "Titled Tuesday Blitz September 20 Late 2022"]
[White "Xiong, Jeffery"]
[Black "Bortnyk, Olexandr"]
[WhiteFideId "2047640"]
[BlackFideId "14120828"]
[WhiteElo "2714"]
[BlackElo "2723"]
[Result "0-1"]
[Round "07"]
[TimeControl "180+1"]
[Date "2022.09.20"]
[WhiteClock "0:00:01"]
[BlackClock "0:00:35"]

1. e4 d6 2. d4 Nf6 3. Nc3 e5 4. Nf3 exd4 5. Nxd4 Be7 6. Bf4 O-O 7. Qd2 Nc6 8. O-O-O Nxd4 9. Qxd4 Be6 10. f3 a6 11. g4 b5 12. h4 c5 13. Qe3 b4 14. Na4 Qa5 15. b3 Bd7 16. Bxd6 Bxd6 17. Rxd6 Bxa4 18. bxa4 Rfd8 19. Rxd8+ Rxd8 20. Bc4 Rd4 21. Bb3 Qd8 22. g5 Nh5 23. Bd5 Qd6 24. Rd1 Rxd1+ 25. Kxd1 g6 26. Kc1 Nf4 27. Bc4 Qe5 28. Bxa6 Qa1+ 29. Kd2 Ng2 30. Qf2 Qc3+ 31. Kc1 Ne3 32. a5 c4 33. Bb5 b3 34. axb3 cxb3 35. Bd3 b2+ 36. Kb1 Qa3 0-1


[Site "https://www.chess.com"]

[Event "Titled Tuesday Blitz September 20 Late 2022"]
[White "Zhigalko, Sergei"]
[Black "Rychagov, Andrey"]
[WhiteFideId "13502956"]
[BlackFideId "4119932"]
[WhiteElo "2662"]
[BlackElo "2431"]
[Result "1-0"]
[Round "07"]
[TimeControl "180+1"]
[Date "2022.09.20"]
[WhiteClock "0:01:11"]
[BlackClock "0:00:48"]

1. e4 e6 2. d4 d5 3. e5 c5 4. c3 Qb6 5. Nf3 Nc6 6. a3 Nh6 7. b4 cxd4 8. cxd4 Nf5 9. Be3 Be7 10. Bd3 Bd7 11. O-O Rc8 12. Qe1 Nxe3 13. fxe3 f6 14. exf6 Bxf6 15. Nc3 Nxd4 16. Nxd4 Bxd4 17. Nxd5 Qd6 18. exd4 Qxd5 19. Qe3 Bc6 20. Qg3 Qxd4+ 21. Kh1 Rf8 22. Bxh7 Bd5 23. Rxf8+ Kxf8 24. Qd6+ 1-0


[Site "https://www.chess.com"]